 Dungeon Crawl Stone Soup version 0.24.0-13-gcf9b319 (webtiles) character file.

Game seed: 16548256604988815899, levelgen mode: deterministic

11 Bronimir the Stinger (level 2, -6/17 HPs)
             Began as an Octopode Venom Mage on Apr 26, 2020.
             Mangled by Natasha (7 damage)
             ... on level 2 of the Dungeon.
             The game lasted 00:01:27 (992 turns).

Bronimir the Stinger (Octopode Venom Mage)           Turns: 992, Time: 00:01:27

Health: -6/17      AC:  1    Str:  7    XL:     2   Next: 29%
Magic:  2/5        EV: 13    Int: 17    God:
Gold:   38         SH:  0    Dex: 12    Spells: 4/5 levels left

rFire    . . .     SeeInvis .   d - +0 dagger
rCold    . . .     Gourm    .   (no shield)
rNeg     . . .     Faith    .   (helmet restricted)
rPois    .         Spirit   .   (no amulet)
rElec    .         Reflect  .   (no ring)
rCorr    .         Harm     .   (no ring)
MR       .....                  (no ring)
Stlth    +++.......             (no ring)
HPRegen  0.05/turn              (no ring)
MPRegen  0.09/turn              (no ring)
                                (no ring)
                                (no ring)

@: very slightly contaminated
A: almost no armour, stealthy swim, amphibious, 8 rings, constrict 8, camouflage
1, gelatinous body 1
a: no special abilities


You were on level 2 of the Dungeon.
You were not hungry.

You visited 1 branch of the dungeon, and saw 2 of its levels.

You collected 38 gold pieces.

Inventory:

Hand Weapons
 b - a +0 hunting sling
 d - a +0 dagger (weapon)
Missiles
 e - 58 stones (quivered)
 f - 13 arrows
 g - 12 poisoned darts
Scrolls
 c - a scroll of identify {unknown}
 i - a scroll of amnesia {unknown}
 k - a scroll of teleportation {unknown}
 l - a scroll of remove curse {unknown}
Potions
 a - a potion of heal wounds {unknown}
Comestibles
 h - a ration
 j - 8 chunks of flesh


   Skills:
 * Level 2.0 Dodging
 + Level 2.9 Stealth
 * Level 2.1 Spellcasting
 * Level 1.2 Conjurations
 * Level 4.1 Poison Magic


You had 4 spell levels left.
You knew the following spells:

 Your Spells              Type           Power        Failure   Level  Hunger
a - Sting                 Conj/Pois      ##..         6%          1    #......

Your spell library contained the following spells:

 Spells                   Type           Power        Failure   Level  Hunger
 Poisonous Vapours        Pois/Air       #.....       12%         2    ###....
 Mephitic Cloud           Conj/Pois/Air  #.......     28%         3    ###....
 Olgreb's Toxic Radiance  Pois           ###.....     34%         4    #####..
 Venom Bolt               Conj/Pois      ##........   87%         5    ######.


Dungeon Overview and Level Annotations

Branches:
Dungeon (2/15)

Altars:

Annotations:
D:2 Natasha


Innate Abilities, Weirdness & Mutations

You cannot wear most types of armour.
You are very stealthy in the water. (Stealth+)
You are amphibious.
You can wear up to eight rings at the same time.
You can use your tentacles to constrict eight enemies at once.
Your skin changes colour to match your surroundings (Stealth+).
Your rubbery body absorbs attacks. (AC +1, EV +1)


Message History

The crimson imp blinks!
Natasha closely misses you.
The crimson imp sputters.
Natasha barely misses you.
You hit Natasha. Your grab misses Natasha.
Natasha is lightly wounded.
Natasha misses you. Natasha claws you.
* * * LOW HITPOINT WARNING * * *
You closely miss Natasha. Your grab misses Natasha.
Natasha is lightly wounded.
Natasha claws you.
* * * LOW HITPOINT WARNING * * *
You hit Natasha. You grab Natasha.
Natasha is moderately wounded.
You feel yourself speed up.
You constrict Natasha. Natasha barely misses you. Natasha misses you.
You hit Natasha but do no damage.
Natasha is heavily wounded.
You constrict Natasha. Natasha claws you!
You die...

#.. #.# #.# #.#
#######.#######
...............
################5#######
........#......#h#
#######.#.####.#@#
#.#.#..#.#.#
#.#.#..#.#.#
#.#.#..#.#.###
#.#.#..#.....#
######.#.#....#.#.#
..........##.#.#.#.#
#######.#....#.#.#.#
#.#......#.#.######


You could see Natasha and a crimson imp.

Vanquished Creatures
  4 giant cockroaches
  3 hobgoblins (D:1)
  A frilled lizard (D:1)
  2 kobolds (D:1)
10 creatures vanquished.

Notes
Turn   | Place    | Note
-------+----------+-------------------------------------------
     0 | D:1      | Bronimir the Octopode Venom Mage began the quest for the
                  | Orb.
     0 | D:1      | Reached XP level 1. HP: 11/11 MP: 3/3
   821 | D:1      | Reached skill level 4 in Poison Magic
   821 | D:1      | Reached XP level 2. HP: 17/17 MP: 5/5
   876 | D:1      | You fall into a shaft and drop 1 floor!
   975 | D:2      | Noticed Natasha
   979 | D:2      | Noticed a crimson imp
   992 | D:2      | Mangled by Natasha

Levels and vault maps discovered:
D:1:      evilmike_arrival_plus, layout_loops_ring, minmay_misc_feat_enclosed
D:2:      layout_basic, first_ration, nicolae_ashenzari_panopticon, uniq_natasha

Skill      XL: |  1 |
---------------+----+-----
Poison Magic   | 4 |  4.1
Dodging        | |  2.0
Stealth        | |  2.9
Spellcasting   | |  2.1
Conjurations   | |  1.2

Action                   || total
-------------------------++-------
Melee: Dagger            ||    26
       Constrict         ||     7
       Tentacles         ||     2
 Cast: Sting             ||     5
 Stab: Sleeping          ||     4
Armor: Skin              ||     1
Dodge: Dodged            ||    20
